[Event "VII Totalizator Sportowy 2022"]
[Site "Bydgoszcz"]
[Date "2022.07.01"]
[Round "7.23"]
[White "Starosciak, Szymon"]
[Black "Sliwicki, Damian"]
[Result "1/2-1/2"]
[ECO "B36"]
[WhiteElo "1901"]
[BlackElo "2168"]
[Annotator "RC"]
[PlyCount "152"]
[EventDate "2022.06.25"]
[EventType "swiss"]
[EventCountry "POL"]
[SourceTitle "playchess.com"]
[Source "ChessBase"]
[SourceQuality "1"]
[TimeControl "40/5400+30:1800+30"]

1. e4 c5 2. Nf3 Nc6 3. d4 cxd4 4. Nxd4 g6 5. c4 Nf6 6. Nc3 Nxd4 7. Qxd4 d6 8. Be2 Bg7 9. Be3 O-O 10. Qd2 a5 11. O-O a4 12. Rad1 Qa5 13. Bd4 Bd7 14. Qe3 Bc6 15. Nd5 Bxd5 16. exd5 b5 17. cxb5 Nxd5 18. Qd2 Qxd2 19. Rxd2 Nf4 20. Bf3 Rab8 21. Bxg7 Kxg7 22. Bc6 Ne6 23. Re1 Rfc8 24. g3 Nd8 25. Rxe7 Nxc6 26. bxc6 Rxc6 27. Ra7 Rb4 28. a3 Rbc4 29. Rd7 Rc2 30. Rxc2 Rxc2 31. Rxd6 Rxb2 32. Rd4 h5 33. Rxa4 Ra2 34. h4 Kf6 35. Ra5 Ke6 36. Kg2 Kf6 37. Kf3 Ke6 38. Ke3 Kf6 39. Ra8 Ke5 40. Kf3 Kf5 41. Ra5+ Ke6 42. a4 Kf6 43. Ra7 Ke5 44. Ra5+ Ke6 45. Ke3 Kf6 46. f3 Ra3+ 47. Kf4 Rb3 48. Rb5 Ra3 49. Rb6+ Ke7 50. Ra6 Rb3 51. Ke4 Ra3 52. a5 Kd7 53. Kf4 Ke7 54. g4 f6 55. g5 Ra4+ 56. Kg3 fxg5 57. hxg5 Kf7 58. Rf6+ Kg7 59. a6 Ra5 60. f4 Ra3+ 61. Kh4 Ra4 62. Rb6 Kf7 63. Kh3 Ra3+ 64. Kg2 Ra2+ 65. Kf3 Ra4 66. Ke3 h4 67. Kf3 Ra3+ 68. Kg2 Rc3 69. Kh2 Ra3 70. Rf6+ Kg7 71. Kh1 Ra2 72. Kg1 Rb2 73. Rc6 Kf7 74. Kh1 Ra2 75. Rb6 Rc2 76. Rf6+ Kg7 1/2-1/2

[Event "VII Totalizator Sportowy 2022"]
[Site "Bydgoszcz"]
[Date "2022.07.01"]
[Round "7.24"]
[White "Kujawski, Adam"]
[Black "Hulka, Valentyn"]
[Result "1/2-1/2"]
[ECO "C92"]
[WhiteElo "2246"]
[BlackElo "2123"]
[Annotator "TA"]
[PlyCount "83"]
[EventDate "2022.06.25"]
[EventType "swiss"]
[EventCountry "POL"]
[SourceTitle "playchess.com"]
[Source "ChessBase"]
[SourceQuality "1"]
[TimeControl "40/5400+30:1800+30"]

1. e4 e5 2. Nf3 Nc6 3. Bb5 a6 4. Ba4 Nf6 5. O-O Be7 6. Re1 b5 7. Bb3 O-O 8. h3 d6 9. c3 Bb7 10. d4 Re8 11. Ng5 Rf8 12. Nf3 Re8 13. Nbd2 Bf8 14. a4 {[%emt 0:00:48] 14.Bc2 is setting a new trend.} Na5 {[%emt 0:00:29] C92: Closed Ruy Lopez: 9...Be6, Karpov and Flohr-Zaitsev Variations.} 15. Bc2 b4 16. d5 bxc3 17. bxc3 c6 18. c4 Qc7 19. Bd3 Bc8 20. Nb3 Nxb3 21. Qxb3 {[%emt 0:00:05] [#]} Nd7 $146 ({Predecessor:} 21... Rb8 22. Qc2 Nd7 23. a5 Nc5 24. Bf1 Nb3 25. Rb1 Nxc1 26. Rxb8 Qxb8 27. dxc6 Qc7 28. Rxc1 Qxc6 29. c5 Qxc5 30. Bc4 Qxa5 31. Ng5 Be6 32. Nxe6 fxe6 33. Qb3 d5 {½-½ (31) Kraft,D (2206)-Happe,R (2307) GER email 2012}) 22. Qa3 Nc5 23. Bc2 Bd7 24. Be3 Rab8 25. Rab1 f6 26. Nd2 Qa5 27. Rxb8 Rxb8 28. Rb1 Rxb1+ 29. Nxb1 cxd5 30. Bd2 {[%emt 0:04:26] Inhibits Qe1+.} Qb6 {[%emt 0:01:52][%cal Od7a4] [#] And now ...Bxa4! would win.} 31. a5 Qb7 {[%emt 0:00:42] ...d4 is the strong threat.} 32. cxd5 Ba4 33. Qa2 Bxc2 34. Qxc2 f5 35. f3 fxe4 36. fxe4 Qb5 37. Be1 Nd3 38. Bd2 {[%emt 0:06:25] The position is equal.} Nc5 39. Kf2 {[%emt 0:08:59] Inhibits Qe2+.} Nd3+ 40. Kg3 {[%emt 0:00:00] [#] Threatens to win with Na3.} Nc5 41. Kf2 {[%emt 0:19:48] Inhibits Qe2+.} Nd3+ 42. Kg1 {[%emt 0:05:10] An uneventful encounter.  Weighted Error Value: White=0.08 (flawless) /Black=0.05 (flawless)} 1/2-1/2

[Event "VII Totalizator Sportowy 2022"]
[Site "Bydgoszcz"]
[Date "2022.07.01"]
[Round "7.25"]
[White "Malczyk, Radoslaw"]
[Black "Zaninotto, Franco"]
[Result "1/2-1/2"]
[ECO "A45"]
[WhiteElo "2067"]
[BlackElo "2069"]
[Annotator "NA RC"]
[PlyCount "133"]
[EventDate "2022.06.25"]
[EventType "swiss"]
[EventCountry "POL"]
[SourceTitle "playchess.com"]
[Source "ChessBase"]
[SourceQuality "1"]
[TimeControl "40/5400+30:1800+30"]

1. d4 Nf6 2. Bg5 d5 3. Bxf6 gxf6 4. e3 c5 5. Nc3 e6 6. Nf3 a6 7. a4 Nc6 8. g3 f5 9. Bg2 cxd4 10. exd4 Bg7 11. Ne2 Bh6 12. O-O O-O 13. c3 Bd7 14. Kh1 Ne7 15. Ne5 Ng6 16. f4 Qe7 17. Re1 Nxe5 18. dxe5 Rfc8 19. Nd4 Bf8 20. Bf1 b5 21. a5 b4 22. Re3 Bb5 23. Bh3 bxc3 24. bxc3 Kh8 25. Qh5 Be8 26. g4 f6 27. exf6 Qxf6 28. Qg5 Qxg5 29. fxg5 f4 30. Rxe6 Rxc3 31. Bg2 Bg7 32. Nf5 f3 33. Bf1 Rc6 34. Nxg7 Kxg7 35. Re7+ Kg8 36. Bd3 Bg6 37. Bf5 Rf8 38. Re5 Rc5 39. Rf1 Rxa5 40. Rxf3 Ra1+ 41. Kg2 Rd8 42. Be6+ Kg7 43. Rxd5 Rxd5 44. Bxd5 Ra5 45. Bb7 Rxg5 46. Rf4 a5 47. Rc4 Rb5 48. Rc7+ Kf6 49. Kg3 a4 50. Bc8 Ra5 51. Kf4 h6 52. h4 Bf7 53. Bf5 a3 54. g5+ hxg5+ 55. hxg5+ Kg7 56. Be6 a2 57. Rxf7+ Kg6 58. Rf6+ Kg7 59. Bxa2 Rxa2 60. Rb6 Ra4+ 61. Kf5 Ra5+ 62. Kg4 Ra8 63. Kh5 Ra7 64. Rg6+ Kh7 65. Rh6+ Kg7 66. Rb6 Rc7 67. Rg6+ 1/2-1/2

[Event "VII Totalizator Sportowy 2022"]
[Site "Bydgoszcz"]
[Date "2022.07.02"]
[Round "8.1"]
[White "Heberla, Bartlomiej"]
[Black "Kucza, Karol"]
[Result "1-0"]
[ECO "C02"]
[WhiteElo "2576"]
[BlackElo "2305"]
[Annotator "TA"]
[PlyCount "118"]
[EventDate "2022.06.25"]
[EventType "swiss"]
[EventCountry "POL"]
[SourceTitle "playchess.com"]
[Source "ChessBase"]
[SourceQuality "1"]
[TimeControl "40/5400+30:1800+30"]

1. e4 e6 2. d4 d5 3. e5 c5 4. c3 Qb6 5. Nf3 Nc6 6. Bd3 cxd4 7. O-O $1 {[%emt 0:00:03][%mdl 4] is now more promising than 7.cxd4. C02: French: Advance Variation.} Bd7 8. Re1 Nge7 9. h4 {[%emt 0:00:03] Black has an edge.} Rc8 10. h5 h6 11. Nbd2 dxc3 12. bxc3 Na5 13. Rb1 Qc7 14. Ba3 Qxc3 15. Nb3 {[%emt 0:01:22] [#]} Nxb3 $146 ({Predecessor:} 15... Nec6 16. Rc1 Qxe1+ 17. Qxe1 Bxa3 18. Rb1 b6 19. Nxa5 Nxa5 20. Qe3 Nc4 21. Bxc4 Bc5 {½-½ (31) Shevchenko,K (2652)-Gadimbayli,A (2451) Terme Catez 2022}) 16. Rxb3 Qa5 17. Qb1 b5 18. Bb4 (18. Bd6 $5 ) 18... Qb6 (18... Qd8 $1 $11 {keeps the balance.}) 19. Bd6 $1 $16 a6 20. a4 $1 Nc6 {[%emt 0:01:24][%cal Be7c6,Bc6a5,Ba5c4][%mdl 32] Hoping for ...Bxd6.} 21. Bxf8 {[%emt 0:04:35] White is much more active.} Rxf8 22. axb5 Na5 23. Rb4 Nc4 24. bxa6 Qxa6 25. Rb8 Qa5 (25... Qa7 $16 26. Rxc8+ Bxc8) 26. Rxc8+ $18 {[%emt 0:02:55][%mdl 64] Remove Defender} Bxc8 27. Qb8 ({White should play} 27. Bxc4 $16 dxc4 28. Qb8) 27... Qc5 (27... Qb6 $1 $11 28. Qa8 (28. Qxc8+ $2 Ke7 $19) 28... Qa6 29. Qxa6 Bxa6) 28. Bxc4 dxc4 29. Nd2 $1 {[%emt 0:00:06] aiming for Ne4.} c3 30. Ne4 Qc6 31. Nd6+ Kd7 32. Ra1 $2 (32. Qa7+ $18 Qc7 33. Qd4) 32... Bb7 $2 33. Qxb7+ Qxb7 34. Nxb7 {[%emt 0:00:02][%mdl 4096] Endgame KRN-KR} Rb8 35. Nc5+ ({Don't go for} 35. Nd6 $2 c2 36. Kh2 Rb1 37. Ra7+ Kc6 38. Ra6+ Kc5 $19) 35... Kc6 {[%emt 0:00:06] [#]} 36. Nd3 Kd5 $2 {[%emt 0:00:22] [#]} (36... c2 37. Rc1 Rb1) 37. Kf1 $1 c2 {[%emt 0:00:33] White must now prevent ...Rb1+.} 38. Ke2 Rb1 39. Ra5+ Ke4 40. Ra4+ ({Resist} 40. Rc5 c1=B 41. Nxc1 Rb2+ 42. Ke1 Rb1 $18) 40... Kd5 41. Kd2 {[%emt 0:01:39] Against c1N} c1=Q+ 42. Nxc1 Kxe5 43. Nd3+ Kf6 44. Ke3 Rb5 45. g4 g6 46. hxg6 fxg6 47. Rf4+ Ke7 48. Re4 Kf6 49. Rf4+ Ke7 $1 50. Rc4 Kf6 51. Nc5 g5 (51... Ke7 $142 52. Ne4 Rb7) 52. Kd4 {[%emt 0:01:58] White is clearly winning.} Kg6 53. Nxe6 h5 54. gxh5+ Kxh5 55. Ke4 {[%emt 0:01:11] Strongly threatening Rc5.} Rb1 56. Rc3 g4 57. Nf4+ Kh4 58. Ng2+ Kg5 59. Rc5+ Kg6 {[%emt 0:00:05] Weighted Error Value: White=0.47/Black=0.42} 1-0

[Event "VII Totalizator Sportowy 2022"]
[Site "Bydgoszcz"]
[Date "2022.07.02"]
[Round "8.2"]
[White "Czarnota, Pawel"]
[Black "Tomczak, Jacek"]
[Result "1/2-1/2"]
[ECO "C55"]
[WhiteElo "2502"]
[BlackElo "2584"]
[Annotator "TA"]
[PlyCount "34"]
[EventDate "2022.06.25"]
[EventType "swiss"]
[EventCountry "POL"]
[SourceTitle "playchess.com"]
[Source "ChessBase"]
[SourceQuality "1"]
[TimeControl "40/5400+30:1800+30"]

1. e4 e5 2. Nf3 Nc6 3. Bc4 Nf6 4. d3 h6 5. O-O d6 6. a4 g6 {[%emt 0:02:59] C55: Two Knights: 4 d3, 4 d4 exd4 5 e5 and Max Lange Attack.} 7. c3 Bg7 8. b4 O-O {[%emt 0:13:59] White is slightly better.} 9. a5 a6 10. Qb3 {[%emt 0:01:45] [#]} Nh5 $146 ({Predecessor:} 10... Qe7 11. Na3 Kh8 12. Nc2 Nh7 13. Ne3 f5 14. exf5 gxf5 15. Nd5 Qd8 16. g3 Nf6 {0-1 (90) Getz,N (2398)-Hammer,J (2652) Kragero 2019}) 11. Re1 Kh7 12. Nbd2 $1 f5 13. Nf1 fxe4 14. dxe4 Bg4 15. Be2 {[%emt 0:01:22][%cal Of3g5] Hoping for Ng5+!} Qd7 16. Qd1 {[%emt 0:03:02][%cal Of3g5] Threatens to win with Ng5+!} Be6 17. Be3 Nf4 {[%emt 0:06:12] Weighted Error Value: White=0.06 (flawless) /Black=0.04 (flawless)} 1/2-1/2

[Event "VII Totalizator Sportowy 2022"]
[Site "Bydgoszcz"]
[Date "2022.07.02"]
[Round "8.3"]
[White "Janik, Igor"]
[Black "Jakubowski, Krzysztof"]
[Result "1/2-1/2"]
[ECO "A34"]
[WhiteElo "2525"]
[BlackElo "2475"]
[Annotator "TA"]
[PlyCount "106"]
[EventDate "2022.06.25"]
[EventType "swiss"]
[EventCountry "POL"]
[SourceTitle "playchess.com"]
[Source "ChessBase"]
[SourceQuality "1"]
[TimeControl "40/5400+30:1800+30"]

1. c4 c5 2. Nc3 Nf6 3. g3 d5 4. cxd5 Nxd5 5. Bg2 Nc7 6. d3 e5 7. Be3 Be7 8. Rc1 Nd7 {[%emt 0:07:47][%cal Bb8d7,Bd7f6,Bf6g4,Bg4e3][%mdl 32] A34: Symmetrical English: 2 Nc3, lines with ...d5.} 9. Nf3 O-O 10. Nd2 Rb8 {[%emt 0:00:58] The position is equal.} 11. O-O b6 12. Qa4 a5 {[%emt 0:00:30] [#]} 13. f4 $146 (13. Qd1 $11) ({Predecessor:} 13. a3 Nf6 14. Bg5 Bd7 15. Qd1 Ncd5 16. Bxf6 Nxf6 17. Nc4 Qc7 18. a4 Rbe8 19. Qb3 {0-1 (43) Soto Hernandez,H (2476)-Quesada Perez,L (2515) Santa Clara 2022}) 13... Nf6 $15 14. f5 (14. Nde4 $15) 14... Bd7 $17 15. Qc2 Ng4 16. Nc4 Nxe3 17. Nxe3 Bg5 18. Qd2 h5 19. Be4 Ne8 20. Rf3 Nf6 21. Ncd5 Nxd5 22. Bxd5 Bb5 23. Be4 c4 24. h4 Bh6 25. f6 (25. Rc2 $17) 25... g6 (25... gxf6 26. Rc2 $15) (25... Qd4 $1 $19 {has better winning chances.} 26. a4 Ba6) 26. Kg2 Qd4 (26... Rc8 $1 $17 {aiming for ...Qd4.} 27. Rc3 Re8) 27. Rd1 $2 {[%emt 0:05:55][%mdl 8192] [#]} (27. Rc2 $1 $15) 27... Ba4 $1 $19 28. Rb1 Rfd8 {[%emt 0:02:33] Strongly threatening ...Qxe4.} 29. Qc1 Rbc8 ({And not} 29... cxd3 30. exd3 Rbc8 31. Qe1 $17) 30. Qg1 cxd3 31. exd3 Bc6 32. Bxc6 Rxc6 33. Qf2 e4 34. dxe4 Qxe4 35. Re1 Re8 ({Not} 35... Rxf6 36. Nf5 Qa8 37. Nxh6+ $17) (35... Re6 $19 {And now ...Qc6 would win.} 36. Nc2 Qd5) 36. Kh2 $17 Rce6 37. Ng2 Qxe1 (37... Qc6 $142 38. Rc3 Qd6 39. Rxe6 Rxe6 40. Rc8+ Kh7) 38. Nxe1 {[%emt 0:00:05][%cal Bg2e1,Be1c2,Bc2e3][%mdl 32] Threatens to win with Ng2.} Re2 39. Kg2 R8e6 40. Nc2 Rxf2+ 41. Rxf2 {[%emt 0:01:20][%mdl 4096] Endgame KRB-KRN} Rd6 42. a4 Bf8 43. b3 (43. Ne3 $1 $15) 43... Rd5 (43... Rd3 $19 44. Rf3 Rd2+ 45. Rf2 Rd8) 44. Ne3 $1 $15 Rd3 (44... Re5 $15 {feels stronger.} 45. Nc4 Re6) 45. Re2 (45. Nc4 $1 $11 {was the only way to keep the balance.}) 45... Rd6 (45... Rxb3 $17 {...Bd6 is the strong threat.} 46. Nd5 Bd6) 46. Rf2 Rd3 (46... Kh8 $15) 47. Re2 $17 Rd6 ({Better is} 47... Bd6 $17 48. Nc4 Bxg3 49. Re8+ Kh7) 48. Rf2 $15 Rd3 ({Black should try} 48... Kh7 $15) 49. Re2 $17 Bd6 50. Nc4 (50. Nf1 $17 {keeps fighting.}) 50... Bxg3 $19 51. Re8+ Kh7 52. Rf8 Bxh4 53. Rxf7+ {[#]} Kh6 $1 {Weighted Error Value: White=0.33/Black=0.27 (precise)} 1/2-1/2

[Event "VII Totalizator Sportowy 2022"]
[Site "Bydgoszcz"]
[Date "2022.07.02"]
[Round "8.4"]
[White "Krasenkow, Michal"]
[Black "Kosakowski, Jakub"]
[Result "1-0"]
[ECO "D80"]
[WhiteElo "2576"]
[BlackElo "2435"]
[Annotator "TA"]
[PlyCount "116"]
[EventDate "2022.06.25"]
[EventType "swiss"]
[EventCountry "POL"]
[SourceTitle "playchess.com"]
[Source "ChessBase"]
[SourceQuality "1"]
[TimeControl "40/5400+30:1800+30"]

1. d4 Nf6 2. c4 g6 3. Nc3 d5 4. Bg5 Bg7 5. Bxf6 Bxf6 6. cxd5 {[%emt 0:00:03] D80: Grünfeld: Unusual White 4th moves and 4 Bg5.} c5 7. dxc5 Nd7 8. Rc1 $5 {[%emt 0:00:35][%mdl 4] White wants to play b4. White is slightly better. A promising side line.} Nxc5 {[%emt 0:02:00] [#]} 9. g3 $146 ({Predecessor:} 9. b4 Nd7 10. e3 a5 11. b5 O-O 12. Nf3 Nb6 13. e4 Bg4 14. Be2 Bxf3 15. Bxf3 {0-1 (37) Morchiashvili,B (2326)-Ghosh,D (2550) Al Ain 2015}) 9... O-O 10. Bg2 Qb6 $1 11. Qd2 Rd8 12. h4 Bf5 13. Nh3 Bxc3 14. bxc3 Be4 15. Bxe4 Nxe4 16. Qf4 Qb2 17. c4 Rac8 18. Kf1 Rxd5 19. Kg2 Rd4 20. Qe5 {[%emt 0:06:06] Black must now prevent Rb1.} (20. e3 Rdxc4 21. Rxc4 Rxc4 22. Qb8+ Kg7 $17) 20... Qb6 21. Rhd1 Rxd1 (21... Rcxc4 $2 22. Rxc4 Rxc4 23. Qxe7 $18) 22. Rxd1 Qc6 $132 {[%emt 0:02:32][%mdl 2048] Black is fighting back} (22... Rxc4 $2 23. Qxe7 Kg7 24. Rd8 $18) 23. f3 Nd6 24. Qxe7 Nf5 25. Rd8+ Rxd8 26. Qxd8+ $11 {[%emt 0:00:04][%mdl 4096] Endgame KQN-KQN} Kg7 27. g4 Ne3+ 28. Kg3 {[%emt 0:02:42] Threatens to win with Qd4+.} Qxc4 29. h5 {[%emt 0:00:24][%cal Oh5h6] White threatens h6+! and mate.} h6 (29... Qxe2 $2 {gets mated.} 30. h6+ Kxh6 31. Qf8#) 30. hxg6 Qxe2 31. Qd4+ Kg8 32. gxf7+ Kxf7 33. Nf2 Ke6 34. Qxa7 Nf1+ 35. Kh4 {[%emt 0:00:01] Qb6+ is the strong threat.} Qxf3 36. Qb6+ Kf7 37. Kh5 Ng3+ (37... Ne3 $11 {remains equal.}) 38. Kxh6 $16 Qf4+ (38... Ke7 $142) 39. Kh7 Ke8 40. Qe6+ ({Not} 40. Qxb7 Qxf2 41. Qc8+ Kf7 42. Qd7+ Kf6 $11) 40... Kd8 {[%emt 0:00:00] [#]} 41. Nd3 ({And not} 41. Qd5+ Kc7 $11) 41... Qd4 42. Ne5 {[%emt 0:04:51] Strongly threatening Qf6+.} Ne4 {[%emt 0:00:20] ( -> ...Ng5+)} 43. Kg6 {[%emt 0:10:01] Prevents Ng5.} Kc7 44. Nf7 {[%emt 0:05:15] Inhibits Qd6.} b5 45. Qe5+ $2 (45. g5 $18) 45... Qxe5 $11 46. Nxe5 {[%emt 0:00:02] aiming for Kf5. KN-KN} Nf2 47. Kf5 {[%emt 0:05:17] Intending g5 and mate.} Nxg4 48. Kxg4 {[%emt 0:00:27] KN-KP} Kd6 49. Nd3 {[%emt 0:01:04] Kf3 would kill now.} Kd5 50. Kf3 {[%emt 0:00:26] White wants to mate with Ke2.} Kc4 $2 {[%emt 0:06:27][%mdl 8192] [#] Loses the game.} (50... Kd4 $11) 51. Ke2 {[%emt 0:00:11] White mates.} Kc3 52. Ke3 b4 53. Ke2 b3 54. a4 Kd4 55. Kd2 Kc4 56. Nb2+ Kd4 57. a5 Kc5 58. Kc3 Kd5 {Weighted Error Value: White=0.09 (flawless) /Black=0.21 (precise)} 1-0

[Event "VII Totalizator Sportowy 2022"]
[Site "Bydgoszcz"]
[Date "2022.07.02"]
[Round "8.5"]
[White "Gumularz, Szymon"]
[Black "Lewtak, Damian"]
[Result "1/2-1/2"]
[ECO "B06"]
[WhiteElo "2513"]
[BlackElo "2384"]
[Annotator "TA"]
[PlyCount "40"]
[EventDate "2022.06.25"]
[EventType "swiss"]
[EventCountry "POL"]
[SourceTitle "playchess.com"]
[Source "ChessBase"]
[SourceQuality "1"]
[TimeControl "40/5400+30:1800+30"]

1. d4 g6 2. e4 Bg7 3. Nf3 c6 4. c4 d5 5. e5 Bg4 6. Nc3 {[%emt 0:02:14] B06: Modern Defence.} Bxf3 (6... Nh6 $11) 7. Qxf3 $16 (7. gxf3 e6 $11) 7... e6 8. cxd5 ({Better is} 8. h4 $16) 8... exd5 {[%emt 0:01:15] [#]} 9. Bd3 $146 ({Predecessor:} 9. h4 Qb6 10. Be3 Qxb2 11. Rc1 Nd7 12. Bd3 Ne7 13. h5 Nxe5 14. dxe5 d4 15. Nd1 {1-0 (33) Biolek,R (2434)-Swicarz,M (2309) Olomouc 2001}) 9... Na6 (9... Ne7 $142) 10. h4 ({White should play} 10. Bxa6 bxa6 11. O-O) 10... Nc7 11. h5 {[%emt 0:00:30] White is much more active.} Qe7 12. Be3 Ne6 {[%emt 0:03:08] [#]} (12... O-O-O $16) 13. O-O-O (13. h6 $1 $18 Bf8 14. O-O-O (14. Nxd5 cxd5 15. Bb5+ Kd8 $16)) 13... O-O-O 14. Kb1 Kb8 15. Bc2 Qe8 (15... g5 $142) 16. Qg4 Ne7 17. f4 c5 18. Ne2 ({Much weaker is} 18. dxc5 $6 d4 19. h6 Bxh6 20. Bxd4 (20. Rxh6 dxc3 21. Rxd8+ Qxd8 $15) 20... Bxf4 $11) 18... b6 19. Qf3 Rf8 20. hxg6 hxg6 {[%emt 0:02:10] Weighted Error Value: White=0.20 (precise) /Black=0.28 (precise)} 1/2-1/2

[Event "VII Totalizator Sportowy 2022"]
[Site "Bydgoszcz"]
[Date "2022.07.02"]
[Round "8.6"]
[White "Maksimenko, Andrei"]
[Black "Golubka, Petro"]
[Result "1-0"]
[ECO "D70"]
[WhiteElo "2434"]
[BlackElo "2380"]
[Annotator "TA"]
[PlyCount "101"]
[EventDate "2022.06.25"]
[EventType "swiss"]
[EventCountry "POL"]
[SourceTitle "playchess.com"]
[Source "ChessBase"]
[SourceQuality "1"]
[TimeControl "40/5400+30:1800+30"]

1. d4 d5 2. c4 c6 3. Nf3 Nf6 4. Nbd2 Bf5 5. Nh4 Bg6 (5... Be4 $5) 6. Qb3 {[%emt 0:01:44] D11: Slav Defence: 3 Nf3 sidelines and 3...Nf6 4 e3 Bg4.} Qb6 7. Qh3 $1 Nbd7 (7... Bc2 $14) 8. Nxg6 {[%emt 0:00:46] White is better.} fxg6 9. e3 {[%emt 0:01:26] [#]} e5 $146 ({Predecessor:} 9... Kf7 10. Bd3 e6 11. Nf3 h6 12. c5 Qc7 13. Ng5+ hxg5 14. Qxh8 e5 15. O-O Re8 {1-0 (60) Bjerre,J (2549)-Kamsky,G (2674) Chess.com INT 2020}) 10. dxe5 Ne4 11. Bd3 (11. Qe6+ Be7 $11) 11... Bb4 $2 (11... Nxd2 $1 $11 12. Bxd2 Qxb2) 12. Bxe4 dxe4 13. O-O (13. Qe6+ $142 Be7 14. Nxe4 Qa5+ 15. Ke2 Qxe5 16. Qxe5 Nxe5 17. b3) 13... Qc5 (13... Nc5 $142) 14. Qe6+ (14. Nxe4 Qxe5 15. Bd2 Bxd2 16. Nxd2 Nf6 $16) 14... Qe7 15. Qxe7+ Kxe7 16. Nxe4 Nxe5 17. a3 Ba5 18. b3 Nd3 {[%emt 0:00:13] Inhibits Bb2.} 19. Rd1 Rhd8 20. Kf1 h6 21. Ke2 Nxc1+ 22. Raxc1 Bc7 23. f4 g5 24. fxg5 hxg5 25. h3 (25. Nxg5 $6 Bxh2 26. Rf1 Rf8 $16) 25... g4 26. hxg4 a5 27. Rxd8 Rxd8 $18 {[%emt 0:00:18][%mdl 4096] Endgame KRB-KRN} 28. Rd1 Rb8 29. a4 b5 30. cxb5 cxb5 31. Nc3 bxa4 32. Nd5+ (32. Nxa4 Rxb3 33. Kf3 Ra3 $14) ({Much less strong is} 32. bxa4 $6 Be5 $16) 32... Kd6 $2 (32... Kf7 33. Rf1+ (33. Nxc7 axb3 34. Nd5 a4 $16) (33. bxa4 Bd6 $16) 33... Kg6) 33. Nxc7+ Kxc7 34. bxa4 {[%emt 0:00:05] KR-KR} Rb2+ 35. Rd2 Rb4 36. Rd4 {[%emt 0:00:05] [#] White threatens Rxb4 and mate.} Rb2+ (36... Rb1 37. Rd5 Kb6 38. Rd6+ Kc5) 37. Kf3 Ra2 38. g5 g6 39. g4 Kc6 40. Ke4 {[%emt 0:00:00] aiming for Ke5.} Ra3 41. Kf3 $2 (41. Ke5 $18 Rxe3+ 42. Kf6) 41... Kc5 $2 (41... Ra2 $11 42. Kf4 Kc7) 42. Rf4 {[%emt 0:01:45] Strongly threatening Rf6.} Kd5 43. Rf6 Rxa4 44. Rxg6 {[%emt 0:00:06] White mates.} Kc5 45. Ra6 Kb5 {[%emt 0:00:11] [#]} 46. g6 $1 Rc4 47. Ra8 Rc7 48. Kf4 a4 49. Kg5 Kb4 50. Kh6 a3 51. g7 {[%emt 0:00:20] Weighted Error Value: White=0.10 (very precise) /Black=0.43} 1-0

[Event "VII Totalizator Sportowy 2022"]
[Site "Bydgoszcz"]
[Date "2022.07.02"]
[Round "8.7"]
[White "Prokofiev, Valentyn"]
[Black "Jarmula, Lukasz"]
[Result "1-0"]
[ECO "A28"]
[WhiteElo "2362"]
[BlackElo "2459"]
[Annotator "TA"]
[PlyCount "131"]
[EventDate "2022.06.25"]
[EventType "swiss"]
[EventCountry "POL"]
[SourceTitle "playchess.com"]
[Source "ChessBase"]
[SourceQuality "1"]
[TimeControl "40/5400+30:1800+30"]

1. c4 e5 2. Nc3 Nf6 3. Nf3 Nc6 4. e4 Bb4 5. d3 d6 6. a3 {[%emt 0:00:05] A28: English Opening: Four Knights Variation.} Bc5 7. b4 Bb6 8. Na4 {[%emt 0:00:05] The position is equal.} Bg4 9. Nxb6 axb6 10. Bb2 $1 O-O 11. Be2 Bxf3 12. Bxf3 Nd4 13. Bxd4 exd4 14. O-O {[%emt 0:00:26] [#]} Kh8 $146 ({Predecessor:} 14... Qd7 15. Qd2 Ra7 16. Qb2 Rfa8 17. b5 Qe7 18. Qxd4 Qe5 19. Qe3 Qb2 20. Qc1 Qd4 {0-1 (70) Rotstein,A (2481)-Repka,C (2523) Austria 2019}) 15. Be2 g5 16. Bg4 Rg8 17. Bf5 Qe7 18. f4 c5 19. fxg5 Rxg5 20. Qf3 Rag8 21. Ra2 Qe5 22. bxc5 bxc5 23. Bh3 R5g6 24. Rb2 Rh6 25. Rxb7 Ng4 {[%emt 0:00:37] Inhibits Rf2.} 26. Bxg4 Qxh2+ 27. Kf2 Qh4+ 28. g3 Qxg4 29. Qxg4 Rxg4 30. Rxf7 $16 {[%emt 0:00:08][%mdl 4096] Endgame KRR-KRR} Rh2+ {[%emt 0:04:56] [#]} 31. Kf3 $1 Rg6 32. Rb1 Rd2 ({Black should play} 32... Kg8 33. Rf5 Rh3) 33. Rb8+ Rg8 34. Rb3 Rd1 (34... Rh2 $16 {might work better.}) 35. Kg2 Rd2+ 36. Kh3 Ra8 37. Rd7 Rc2 (37... Ra2 $142 38. Rxd6 R2xa3 39. Rd8+ Rxd8 40. Rxa3 Rf8) 38. Rxd6 $18 Rc3 39. Rdb6 Rxa3 40. Rxa3 (40. Rb8+ $18 Kg7 41. R3b7+ Kg6 42. Rb6+ Kg7 43. R8b7+ Kg8 44. Rc6) 40... Rxa3 {[%emt 0:00:00] KR-KR} 41. Rb5 Rxd3 42. Rxc5 Rc3 43. Kg4 {[%emt 0:03:45] Kf5 is the strong threat.} d3 44. Kf5 {[%emt 0:00:36] Intending Kf6 and mate.} d2 45. Rd5 Rxc4 {[%emt 0:00:17][%cal Oc4c5] Threatens to win with ...Rc5!} 46. Rxd2 {[%emt 0:00:30] Black must now prevent Rd8+.} Rc3 47. e5 (47. g4 $16) 47... Kg7 (47... Rxg3 $11 {remains equal.} 48. Kf6 Rf3+ 49. Ke7 h5) 48. Rd7+ $16 Kf8 49. g4 Rf3+ 50. Kg5 {[%emt 0:00:51] White is more active.} Re3 $2 {[%emt 0:00:27][%mdl 8192] This costs Black the game.} (50... Rh3 $16 51. Kf6 Rf3+ 52. Kg5 Rh3) 51. Rxh7 {[%emt 0:00:39] White mates.} Kg8 52. Re7 Kf8 53. Re6 Kf7 54. Rf6+ Kg7 55. Kf5 Rf3+ {[%emt 0:00:26] [#]} 56. Ke6 $1 Rg3 57. Rf4 Kg6 58. Rd4 Re3 59. Rd5 Re4 60. Kd7 Rxg4 61. e6 Kf6 62. e7 Rg7 63. Rd6+ Ke5 64. Rd1 Kf6 65. Rf1+ Ke5 66. Kd8 {[%emt 0:00:06] Weighted Error Value: White=0.19 (very precise) /Black=0.30} 1-0